Map: Orbital Shipyard

Players

JoJo

  • Race: Terran Terran
  • League: Grandmaster

CaptRaynor - Winner!

  • Race: Zerg Zerg
  • League: Grandmaster

VOD

Have the link to the VOD?

Description

Time

  • Played on: Aug. 11, 2015, 11:14 p.m.
  • Length: 18:54
Show
View Real Time Build Order
Export as new Build Order

JoJo Terran 

Build Orders: Liberator Opening 

Get SALT Encoding   

  12  0:06  SCV  
  13  0:18  SCV  
  13  0:19  Refinery  
  14  0:26  Supply Depot  
  14  0:30  SCV  
  15  0:47  SCV  
  15  0:48  Barracks  
  16  1:05  SCV  
  17  1:18  SCV  
  18  1:26  Supply Depot  
  18  1:30  SCV  
  19  1:42  SCV  
  19  1:46  Bunker  
  21  1:54  SCV  
  21  1:58  Factory  
  20  2:09  Orbital Command  
  20  2:28  Refinery  
  20  2:32  Marine  
  21  2:43  Starport  
  23  2:44  Hellion  
  23  3:09  Hellion  
  23  3:11  SCV  
  23  3:12  Barracks Reactor  
  26  3:15  Liberator  
  26  3:31  Hellion  
  31  3:43  Supply Depot  
  31  3:47  Supply Depot  
  31  4:00  Barracks Tech Lab  
  31  4:03  Armory  
  31  4:08  Hellion x2  
  35  4:20  Factory  
  35  4:29  Hellion x2  
  39  4:36  Supply Depot, Barracks Reactor  
  39  4:39  SCV  
  39  4:40  Liberator  
  40  4:50  Hellion  
  40  4:51  SCV, Hellion  
  48  5:12  Hellion x2  
  54  5:14  Hellion  
  54  5:33  Barracks Reactor  
  54  5:37  Supply Depot  
  54  5:38  Hellion  
  54  5:39  Hellion x2, Liberator  
  60  5:43  Liberator  
  63  5:58  Command Center  
  63  5:59  Supply Depot  
  63  6:00  Hellion  
  64  6:59  Hellion x3  
  64  7:05  Liberator  
  64  7:06  Liberator  
  54  7:20  Hellion x2  
  54  7:21  Hellion  
  60  7:28  Orbital Command  
  66  7:33  Infernal Pre-Igniter  
  66  7:42  Hellion x3  
  43  8:53  Hellion x2  
  49  8:56  Siege Tank  
  50  9:15  Hellion x2  
  54  9:28  Siege Tank  
  48  9:39  SCV x2  
  48  9:45  Refinery  
  50  9:48  Refinery  
  50  9:51  SCV, Liberator x2  
  50  9:52  SCV  
  52  10:03  Command Center, SCV  
  53  10:10  Siege Tank  
  53  10:12  Hellion x2  
  66  10:20  Terran Vehicle Weapons Level 1  
  66  10:32  Barracks Tech Lab  
  66  10:33  SCV x2, Hellion  
  66  10:34  Liberator x2  
  70  10:45  SCV x2  
  78  10:57  SCV  
  78  11:02  Engineering Bay  
  79  11:05  Siege Tank  
  82  11:14  Factory  
  82  11:25  SCV x2  
  85  11:31  Orbital Command  
  84  11:33  Missile Turret  
  84  11:34  Building Armor  
  84  11:36  Missile Turret  
  84  11:37  SCV  
  84  11:38  Missile Turret  
  85  11:43  Siege Tank  
  88  11:47  Hellion  
  88  11:48  Hellion  
  92  11:56  Supply Depot  
  92  12:00  Supply Depot  
  92  12:03  Armory, SCV x3  
  95  12:09  Hellion x2  
  95  12:15  SCV x2  
  101  12:16  Hellion, Liberator  
  101  12:20  Supply Depot  
  101  12:22  Terran Vehicle Weapons Level 2  
  103  12:25  Missile Turret  
  106  12:37  Siege Tank  
  106  12:44  Missile Turret  
  109  12:45  SCV, Missile Turret  
  109  12:46  SCV x2  
  109  12:47  Missile Turret  
  112  12:53  Liberator  
  112  12:58  SCV x3  
  115  13:00  Refinery  
  115  13:03  Terran Vehicle And Ship Armor Level 1  
  115  13:04  Refinery  
  115  13:06  Siege Tank  
  115  13:08  Hellion x2  
  115  13:09  Siege Tank  
  115  13:10  SCV  
  129  13:25  Starport  
  129  13:44  Siege Tank  
  129  13:45  Command Center  
  132  13:55  Supply Depot  
  132  14:00  Supply Depot  
  132  14:01  Starport Tech Lab  
  132  14:12  Supply Depot  
  132  14:13  Supply Depot  
  132  14:17  Hellion x2, Siege Tank  
  142  14:30  Raven  
  146  14:38  Hellion  
  146  14:39  Liberator x2  
  146  14:49  Siege Tank  
  149  14:53  Hellion  
  159  15:00  Hellion  
  159  15:15  Hellion  
  159  15:21  Siege Tank x2  
  101  15:53  Siege Tank  
  83  16:16  Siege Tank  
  83  16:18  Hellion x2  
  90  16:25  Siege Tank  
  93  16:26  Refinery  
  93  16:34  Liberator x2  
  93  16:39  Hellion x2  
  97  16:45  Raven  
  99  16:48  Siege Tank  
  108  16:57  Siege Tank  
  108  17:00  Hellion  
  108  17:01  Hellion  
  115  17:14  Refinery  
  115  17:16  Refinery  
  115  17:21  Siege Tank  
  115  17:22  Hellion x2  
  122  17:29  Siege Tank  
  121  17:43  Hellion  
  119  17:44  Command Center  
  115  17:52  Command Center  
Show
View Real Time Build Order
Export as new Build Order

CaptRaynor Zerg - Winner!

Build Orders: Pool First 

Get SALT Encoding   

  12  0:01  Drone  
  13  0:11  Drone  
  14  0:19  Overlord  
  14  0:26  Overlord  
  14  0:38  Drone x2  
  16  0:53  Drone, Spawning Pool  
  16  1:04  Drone  
  17  1:21  Hatchery, Drone  
  17  1:22  Drone  
  18  1:33  Drone  
  19  1:44  Drone  
  20  1:49  Queen  
  20  1:50  Zergling x2  
  23  2:16  Drone x2  
  23  2:22  Overlord  
  25  2:33  Queen  
  27  2:45  Queen  
  27  2:47  Drone x3  
  27  2:48  Drone  
  33  2:53  Extractor  
  32  3:07  Zergling x2  
  32  3:08  Zergling x12  
  32  3:09  Queen  
  41  3:20  Drone  
  41  3:21  Drone  
  43  3:40  Overlord x4  
  43  4:09  Lair  
  43  4:10  Roach Warren  
  43  4:12  Overlord x2  
  43  4:13  Hatchery  
  43  4:14  Drone x5  
  46  4:20  Zergling x4  
  48  4:41  Extractor  
  49  5:00  Roach x5  
  49  5:01  Zergling x8  
  61  5:34  Glial Reconstitution  
  61  5:39  Drone x4  
  61  5:40  Drone x6  
  71  5:46  Extractor  
  71  5:49  Zergling x4  
  65  6:12  Queen x3  
  70  6:25  Roach x13  
  96  6:26  Zergling x2  
  96  6:32  Overlord x3  
  83  7:20  Zergling x2  
  83  7:21  Zergling x16  
  91  7:24  Metabolic Boost  
  91  7:34  Hydralisk Den  
  90  7:37  Evolution Chamber  
  90  7:38  Evolution Chamber  
  90  7:41  Drone  
  87  8:13  Zerg Missile Weapons Level 1  
  87  8:14  Zerg Ground Armor Level 1  
  87  8:16  Muscular Augments  
  76  8:42  Hydralisk  
  76  8:43  Hydralisk x5  
  76  8:45  Zergling x8  
  76  8:46  Zergling x6  
  87  9:00  Extractor  
  86  9:03  Drone  
  87  9:18  Lurker Den  
  82  9:41  Ravager  
  82  9:42  Ravager x3  
  82  9:44  Zergling x2  
  82  9:45  Zergling x16  
  95  9:56  Extractor  
  94  10:06  Spire  
  93  10:12  Zerg Missile Weapons Level 2  
  93  10:15  Zergling x2  
  93  10:16  Zergling x22  
  105  10:43  Queen  
  107  10:54  Hatchery  
  106  11:08  Hydralisk  
  106  11:09  Hydralisk x2  
  112  11:16  Drone x2  
  114  11:18  Overlord x4  
  114  11:19  Overlord x5  
  114  11:35  Zerg Ground Armor Level 2  
  114  11:37  Mutalisk x6  
  126  12:12  Zergling x2  
  126  12:13  Zergling x30  
  142  12:30  Infestation Pit  
  142  12:31  Zerg Melee Weapons Level 1  
  142  12:34  Queen  
  143  12:50  Mutalisk x2  
  143  12:51  Mutalisk x6  
  159  12:59  Overlord x2  
  159  13:00  Overlord x2  
  159  13:04  Zerg Flyer Armor Level 1  
  159  13:09  Drone x2  
  161  13:29  Drone x3  
  164  13:34  Hydralisk x2  
  164  13:35  Hydralisk x3  
  174  13:44  Hive  
  174  13:48  Drone  
  175  13:50  Drone  
  175  13:51  Drone  
  177  14:34  Drone x2, Extractor  
  177  14:35  Drone x7  
  177  14:36  Drone  
  186  14:41  Mutalisk x6  
  186  14:42  Mutalisk  
  200  15:04  Zerg Flyer Weapons Level 1  
  200  15:05  Zerg Missile Weapons Level 3  
  200  15:07  Zerg Melee Weapons Level 2  
  119  16:08  Zergling x2  
  119  16:09  Zergling x56  
  119  16:10  Zergling x8  
  150  16:51  Hydralisk x3  
  150  16:52  Hydralisk x17  
  190  16:55  Zergling x2  
  191  17:07  Extractor  
  190  17:09  Extractor  
Tags
 
Add a new tag
Caveats
  • Supply blocks, unpowered buildings, or Contaminate may cause inaccurate times.
  • Supply counts are checked every 10 seconds.